Map: Terraform LE (Void)

Players

avilo

  • Race: Protoss Protoss
  • League: Diamond

TomikuS - Winner!

  • Race: Zerg Zerg
  • League: Grandmaster

Event: Lycan League Weekly August #2

VOD

Have the link to the VOD?

Description

Time

  • Played on: Aug. 10, 2015, 1:08 p.m.
  • Length: 7:42

All games in this series

Show
View Real Time Build Order
Export as new Build Order

avilo Protoss 

Build Orders:  

Get SALT Encoding   

  12  0:00  Probe  
  13  0:14  Pylon  
  13  0:20  Probe  
  14  0:32  Probe (Chrono Boost)  
  14  0:35  Gateway  
  16  0:42  Probe (Chrono Boost)  
  16  0:45  Assimilator  
  16  0:49  Probe  
  17  1:01  Probe (Chrono Boost)  
  18  1:04  Gateway  
  18  1:13  Probe (Chrono Boost)  
  19  1:21  Probe (Chrono Boost)  
  19  1:22  Cybernetics Core  
  20  1:30  Probe  
  20  1:32  Pylon  
  21  1:43  Probe  
  22  1:55  Probe  
  22  1:58  Adept (Chrono Boost)  
  22  1:59  Warp Gate  
  27  2:05  Adept (Chrono Boost)  
  27  2:07  Probe (Chrono Boost)  
  28  2:17  Probe (Chrono Boost)  
  29  2:26  Nexus  
  29  2:35  Pylon, Assimilator  
  29  2:38  Probe (Chrono Boost)  
  30  2:55  Probe (Chrono Boost)  
  31  2:59  Adept x2  
  31  3:02  Probe (Chrono Boost)  
  31  3:04  Stargate  
  34  3:14  Probe (Chrono Boost)  
  34  3:16  Forge  
  35  3:23  Probe (Chrono Boost)  
  36  3:30  Sentry  
  38  3:37  Probe  
  39  3:45  Assimilator  
  39  3:46  Mothership Core (Chrono Boost)  
  41  3:50  Probe (Chrono Boost)  
  41  3:52  Photon Cannon  
  43  4:06  Probe (Chrono Boost)  
  43  4:07  Adept  
  43  4:08  Probe (Chrono Boost)  
  46  4:10  Pylon  
  46  4:15  Adept  
  46  4:17  Probe x2  
  45  4:32  Oracle (Chrono Boost)  
  45  4:34  Probe (Chrono Boost)  
  50  4:44  Probe (Chrono Boost)  
  50  4:48  Gateway  
  50  4:49  Probe (Chrono Boost)  
  51  4:54  Gateway  
  51  4:56  Probe  
  52  5:00  Assimilator  
  52  5:02  Probe  
  53  5:08  Probe  
  53  5:09  Adept  
  56  5:30  Gateway x2, Adept  
  56  5:34  Probe (Chrono Boost)  
  60  5:38  Protoss Ground Weapons Level 1 (Chrono Boost)  
  60  5:40  Probe (Chrono Boost)  
  60  5:46  Pylon  
  60  5:48  Pylon  
  60  6:04  Probe x2  
  60  6:05  Adept x3  
  68  6:16  Probe  
  67  6:36  Pylon  
  67  6:38  Probe (Chrono Boost)  
  68  6:45  Pylon  
  68  6:47  Pylon  
  68  6:53  Probe x2 (Chrono Boost)  
  66  6:55  Adept x4  
  62  7:04  Adept x2  
  62  7:07  Probe (Chrono Boost)  
  68  7:12  Probe (Chrono Boost)  
  68  7:20  Probe (Chrono Boost)  
  68  7:21  Adept  
  68  7:22  Adept x3  
Show
View Real Time Build Order
Export as new Build Order

TomikuS Zerg - Winner!

Build Orders: Hatch First 

Get SALT Encoding   

  12  0:01  Drone  
  13  0:13  Overlord  
  13  0:18  Drone  
  14  0:31  Drone x2  
  16  0:48  Drone  
  16  0:49  Drone  
  18  0:58  Hatchery  
  17  1:05  Drone  
  18  1:14  Spawning Pool  
  18  1:16  Drone  
  18  1:19  Drone  
  19  1:29  Drone  
  20  1:37  Extractor  
  19  1:40  Overlord  
  19  1:50  Drone  
  20  2:02  Zergling x2  
  21  2:09  Queen x2  
  21  2:10  Drone  
  26  2:16  Drone  
  27  2:23  Zergling x4  
  29  2:32  Overlord  
  29  2:34  Zergling x2  
  29  2:45  Queen  
  29  2:47  Metabolic Boost  
  31  3:01  Drone x2  
  31  3:02  Drone x2  
  35  3:15  Hatchery, Overlord  
  35  3:16  Drone x2  
  35  3:17  Drone  
  37  3:24  Drone x2  
  37  3:25  Drone x2  
  41  3:33  Drone x3, Spore Crawler  
  43  3:42  Spore Crawler  
  43  3:45  Queen  
  44  3:53  Zergling x8  
  48  4:07  Overlord  
  48  4:08  Overlord  
  48  4:21  Drone x6, Extractor x2  
  51  4:31  Lair  
  49  4:36  Zergling x10  
  49  4:37  Zergling x10  
  59  4:39  Spore Crawler  
  58  4:49  Overlord  
  58  4:54  Drone x4  
  62  5:04  Drone x5, Extractor  
  62  5:05  Overlord x3  
  65  5:29  Drone x13  
  65  5:34  Hydralisk Den  
  76  5:45  Overlord x3  
  75  5:51  Spine Crawler  
  75  5:55  Overlord  
  74  6:03  Hydralisk  
  75  6:04  Hydralisk x8  
  75  6:09  Muscular Augments  
  91  6:16  Hydralisk x2  
  91  6:17  Hydralisk x2  
  97  6:19  Zergling x2  
  97  6:20  Zergling x4  
  97  6:26  Overlord  
  97  6:28  Hydralisk x2  
  97  6:29  Zergling x4  
  103  6:37  Hydralisk x2  
  103  6:38  Zergling x2  
  103  6:39  Zergling x8  
  111  6:54  Hydralisk x3  
  111  6:55  Zergling x10  
  111  6:56  Zergling x2  
  111  7:00  Extractor  
  120  7:01  Extractor  
  120  7:05  Overlord x2  
  119  7:13  Drone x4  
  119  7:14  Drone  
  119  7:15  Drone  
  120  7:18  Spire  

Tags
 
Add a new tag
Caveats
  • Supply blocks, unpowered buildings, or Contaminate may cause inaccurate times.
  • Supply counts are checked every 10 seconds.